Map: Berlingrad LE

Players

A.I. 1 (Very Easy) - Winner!

  • Race: Protoss Protoss

TheCowboy

  • Race: Protoss Protoss
  • League: Grandmaster

VOD

Have the link to the VOD?

Description

Time

  • Played on: Dec. 4, 2021, 11:20 a.m.
  • Length: 3:08
Show
View Real Time Build Order
Export as new Build Order

A.I. 1 (Very Easy) Protoss - Winner!

Build Orders:  

Get SALT Encoding   

  12  0:00  Probe  
  13  0:13  Probe  
  14  0:19  Pylon  
  14  0:37  Assimilator  
  14  0:42  Gateway  
  14  0:46  Pylon  
  14  1:13  Assimilator  
  14  1:22  Probe  
  14  1:30  Probe  
  14  1:32  Cybernetics Core, Zealot  
  17  1:38  Probe  
  19  1:49  Probe  
  20  1:59  Probe  
  21  2:07  Probe  
Show
View Real Time Build Order
Export as new Build Order

TheCowboy Protoss 

Build Orders: 1 Gate Expand 

Get SALT Encoding   

  12  0:00  Probe  
  13  0:12  Probe  
  14  0:21  Pylon  
  14  0:24  Probe  
  15  0:33  Pylon  
  15  0:39  Probe (Chrono Boost)  
  16  0:48  Probe (Chrono Boost)  
  17  0:52  Gateway  
  17  0:53  Probe  
  18  1:21  Nexus  
  18  1:24  Probe  
  19  1:29  Assimilator  
  19  1:36  Probe  
  19  1:38  Zealot  
  22  1:47  Cybernetics Core  
  22  1:50  Probe  
  23  2:02  Probe  
  23  2:04  Zealot (Chrono Boost)  
  26  2:14  Probe  
  27  2:21  Stalker (Chrono Boost)  
  27  2:25  Pylon  
  27  2:26  Probe  
  31  2:37  Probe  
  31  2:38  Probe  
  31  2:42  Stalker (Chrono Boost)  
  31  2:44  Shield Battery  
  32  2:49  Probe  
  32  2:51  Probe  
  36  2:54  Shield Battery  
  36  3:02  Shield Battery  
  36  3:03  Shield Battery  
Tags
 
Add a new tag
Caveats
  • Supply blocks, unpowered buildings, or Contaminate may cause inaccurate times.
  • Supply counts are checked every 10 seconds.